 Dungeon Crawl Stone Soup version 0.23.2 (webtiles) character file.

Game seed: 1840050686885005678

3419 doot the Grappler (level 9, -4/80 HPs)
             Began as a Troll Transmuter on Apr 8, 2019.
             Was a Follower of Wu Jian.
             Slain by an ogre
             ... wielding a +0 giant club
              (30 damage)
             ... on level 4 of the Dungeon.
             The game lasted 00:15:48 (5068 turns).

doot the Grappler (Troll Transmuter)                Turns: 5068, Time: 00:15:49

Health: -4/80      AC:  7    Str: 23    XL:     9   Next: 76%
Magic:  13/13      EV: 11    Int:  9    God:    Wu Jian [*.....]
Gold:   435        SH:  0    Dex: 10    Spells: 9/15 levels left

rFire    . . .     SeeInvis .     - Unarmed
rCold    . . .     Gourm    +   (no shield)
rNeg     . . .     Faith    .   b - +1 robe
rPois    .         Spirit   .   (helmet restricted)
rElec    .         Reflect  .   (no cloak)
rCorr    .         Harm     .   (gloves unavailable)
MR       .....                  (boots unavailable)
Stlth    +.........             (no amulet)
HPRegen  0.63/turn              (no ring)
MPRegen  0.13/turn              (no ring)

@: no status effects
A: large, unfitting armour, claws 3, fast metabolism 3, gourmand, regeneration
1, shaggy fur 1, tough skin 3
a: Renounce Religion


You were on level 4 of the Dungeon.
You worshipped Wu Jian.
Wu Jian was aware of your devotion.
You were full.

You visited 2 branches of the dungeon, and saw 8 of its levels.

You collected 435 gold pieces.

Inventory:

Missiles
 a - 76 arrows
 h - 11 javelins (quivered)
 x - 2 throwing nets
Armour
 b - a +1 robe (worn)
Magical Staves
 w - an uncursed staff of earth
Jewellery
 v - an uncursed amulet of magic regeneration {unknown}
Wands
 e - a wand of polymorph (9)
 q - a wand of flame (22)
Scrolls
 c - 2 scrolls of amnesia
 f - 5 scrolls of remove curse
 j - a scroll of magic mapping
 m - a scroll of torment {unknown}
 o - 3 scrolls of enchant armour
 p - 4 scrolls of blinking {unknown}
 s - a scroll of teleportation
 t - 2 scrolls of fog {unknown}
 u - a scroll of enchant weapon {unknown}
 y - 2 scrolls of immolation {unknown}
 z - 4 scrolls of identify
Potions
 g - 2 potions of magic
 i - 3 potions of curing
 k - 2 potions of flight
 l - a potion of ambrosia {unknown}
 n - a potion of degeneration {unknown}
 r - a potion of invisibility {unknown}
Comestibles
 d - 19 rations


   Skills:
 + Level 2.7 Fighting
 + Level 4.5 Dodging
 + Level 1.0 Stealth
 + Level 9.9 Unarmed Combat
 + Level 3.8 Spellcasting
 * Level 4.4 Transmutations


You had 9 spell levels left.
You knew the following spells:

 Your Spells              Type           Power        Failure   Level  Hunger
a - Beastly Appendage     Tmut           #.....       4%          1    #......
b - Blade Hands           Tmut           #.........   77%         5    ######.

Your spell library contained the following spells:

 Spells                   Type           Power        Failure   Level  Hunger
 Sticks to Snakes         Tmut           #.......     7%          2    ###....
 Spider Form              Tmut/Pois      #.........   34%         3    ###....
 Ice Form                 Ice/Tmut       #.......     75%         4    #####..


Dungeon Overview and Level Annotations

Branches:
Dungeon (7/15)             Temple (1/1) D:7

Altars:
Ashenzari
Cheibriados
Dithmenos
Elyvilon
Fedhas
Gozag
Hepliaklqana
Kikubaaqudgha
Makhleb
Nemelex Xobeh
Okawaru
Qazlal
Ru
Sif Muna
Trog
Uskayaw
Vehumet
Wu Jian
Xom
Yredelemnul
Zin
The Shining One

Annotations:
D:5 Blork the orc


Innate Abilities, Weirdness & Mutations

You are too large for most types of armour.
You have claws for hands.
Your metabolism is lightning-fast.
You like to eat raw meat.
Your natural rate of healing is unusually fast.
You are covered in fur. (AC +1)
You have extremely tough skin. (AC +3)


Message History

The gnoll is lightly wounded.
The gnoll hits you with a +0 whip. x2
You claw the gnoll!
The gnoll is severely wounded.
The gnoll hits you with a +0 whip.
You barely miss the gnoll.
The gnoll is severely wounded.
The gnoll closely misses you.
You claw the gnoll!
You kill the gnoll!
The Council accepts your kill.
You claw the ogre!
The ogre is moderately wounded.
You barely miss the ogre.
The ogre is moderately wounded.
The ogre hits you with a +0 giant club!!
You claw the ogre!
The ogre is severely wounded.
The ogre hits you with a +0 giant club!!
You die...

.......#..######....#.....###....
....................#.....# #....
.##.####..#####...........# #....
............# #.........#.# #....
..#.####..#.###......... #....
...........))).......... ......
...........÷####.##.###. ......
#.......#.### #.# .# ...<...
............# #@# # ....
##......##### #O# #......# ####g#
#......## #..gg# ######..# #..g.+
#### ##.## #....#
...#####..###....### #########
.....).)..).......... .....P...
≈≈≈≈≈≈≈≈..gg≈≈≈≈≈≈≈≈≈≈ ≈≈≈≈≈≈


You could see an ogre, a gnoll shaman and 3 gnolls.

Vanquished Creatures
  Pikel (D:5)
  A hippogriff (D:7)
  Sigmund (D:2)
  An orc warrior (D:7)
  4 sky beasts (D:7)
  2 slaves (D:5)
  An ice beast (D:7)
  5 ogres
  2 centaurs (D:7)
  A bullfrog (D:6)
  A scorpion (D:4)
  2 crimson imps
  A howler monkey (D:6)
  A centaur zombie (D:6)
  3 hounds
  2 orc priests (D:7)
  7 orc wizards
  2 gnoll shamans (D:4)
  3 iguanas
  6 worker ants
  A killer bee zombie (D:6)
  2 hound skeletons
  Robin (D:3)
  26 gnolls (D:4)
  A howler monkey skeleton (D:6)
  10 adders
  3 shadow imps
  An ooze (D:4)
  4 worms
  4 dart slugs
  6 leopard geckos
  36 orcs
  7 bats
  4 giant cockroaches
  18 goblins
  11 hobgoblins
  10 jackals
  11 kobolds
  2 quokkas
  7 frilled lizards
  A quokka zombie (D:7)
  7 rats
220 creatures vanquished.

Vanquished Creatures (others)
  2 slaves (D:5)
2 creatures vanquished.

Grand Total: 222 creatures vanquished

Notes
Turn   | Place    | Note
-------+----------+-------------------------------------------
     0 | D:1      | doot the Troll Transmuter began the quest for the Orb.
     0 | D:1      | Reached XP level 1. HP: 18/18 MP: 1/1
   130 | D:1      | Reached XP level 2. HP: 26/26 MP: 0/2
   323 | D:2      | Reached skill level 4 in Unarmed Combat
   323 | D:2      | Reached XP level 3. HP: 23/32 MP: 1/4
   459 | D:2      | Reached XP level 4. HP: 36/40 MP: 3/5
   541 | D:2      | Found an opulent altar of Gozag.
   674 | D:3      | Noticed Robin
   698 | D:3      | Killed Robin
   698 | D:3      | Reached skill level 1 in Fighting
   887 | D:3      | Reached XP level 5. HP: 48/48 MP: 4/6
  1163 | D:4      | Reached skill level 5 in Unarmed Combat
  1163 | D:4      | Reached XP level 6. HP: 41/55 MP: 8/8
  1303 | D:4      | Found a radiant altar of Vehumet.
  1380 | D:4      | Reached XP level 7. HP: 62/62 MP: 7/9
  1393 | D:5      | Entered Level 5 of the Dungeon
  1434 | D:5      | Noticed Pikel
  1434 | D:5      | Noticed Blork the orc
  1462 | D:5      | Killed Pikel
  1462 | D:5      | Reached skill level 7 in Unarmed Combat
  1480 | D:6      | Reached XP level 8. HP: 20/72 MP: 8/11
  1690 | D:7      | Noticed a hippogriff
  1704 | D:7      | Killed a hippogriff
  1778 | D:7      | Reached skill level 8 in Unarmed Combat
  1885 | D:6      | Found a white marble altar of Elyvilon.
  1987 | D:6      | Found a shattered altar of Ashenzari.
  2122 | D:5      | Reached XP level 9. HP: 76/80 MP: 10/12
  2535 | D:7      | Reached skill level 9 in Unarmed Combat
  3115 | D:7      | Found a staircase to the Ecumenical Temple.
  3122 | Temple   | Entered the Ecumenical Temple
  3221 | Temple   | Became a worshipper of the Wu Jian Council
  3853 | D:2      | Noticed Sigmund
  3859 | D:2      | Killed Sigmund
  4258 | D:3      | Reached * piety under Wu Jian
  4957 | D:4      | Learned a level 5 spell: Blade Hands
  5033 | D:4      | Reached skill level 1 in Stealth
  5068 | D:4      | Slain by an ogre

Skill      XL: |  1  2  3  4  5  6  7  8  9 |
---------------+----------------------------+-----
Unarmed Combat | 4 5 7 8 9 |  9.9
Dodging        | 2 3 4 |  4.5
Fighting       | 1 2 |  2.7
Spellcasting   | 2 3 |  3.8
Transmutations | 2 3 4 |  4.4
Stealth        | 1 |  1.0

Action                   |  1- 3 |  4- 6 |  7- 9 || total
-------------------------+-------+-------+-------++-------
Melee: Unarmed           |    83 |   159 |   327 ||   569
       Kick              |     7 |     6 |    30 ||    43
       Punch             |     2 |     1 |     4 ||     7
       Headbutt          |     1 |     9 |    19 ||    29
 Cast: Beastly Appendage |    11 |    17 |    41 ||    69
Invok: Lunge             |       |       |    19 ||    19
       Whirlwind         |       |       |     7 ||     7
  Use: Scroll            |     4 |     1 |     5 ||    10
 Stab: Sleeping          |       |       |     2 ||     2
  Eat: Chunk             |     7 |    12 |    32 ||    51
Armor: Robe              |    63 |    57 |    79 ||   199
Dodge: Dodged            |    82 |    79 |   128 ||   289
